Cogmind - Beta 13 @@@ ROGUE MODE // 2024.04.03 @ 01:01:50 Player: R.A.T Result: Destroyed by P-60 Hacker with Shock Rifle Performance ------------- Evolutions (2) 1000 Regions Visited (4) 800 Robots Destroyed (79) 395 Value Destroyed (2390) 2390 Prototype IDs (4) 80 Alien Tech Used (0) 0 Bonus (427) 427 TOTAL SCORE: 5092 Bonus ------- High Alert Combat Kills 227 Entered Garrisons 200 Cogmind --------- Core Integrity 0/550 Matter 300/300 Energy 100/100 System Corruption 7% Temperature Cool (0) Movement Core (200) Ox3 Location -8/Garrison Parts ------- > --- POWER (2) -------- (None) > --- PROPULSION (4) --- (None) > --- UTILITY (3) ------ Small Storage Unit Melee Analysis Suite > --- WEAPON (2) ------- Heavy Flail Great Maul > --- INVENTORY (8) ---- Melee Analysis Suite Actuator Array Heavy Flail Peak State ------------ > --- POWER ------------ Improved Ion Engine Light Angular Momentum Engine > --- PROPULSION ------- Improved Aluminum Leg Carbon-fiber Leg Carbon-fiber Leg VSS Leg > --- UTILITY ---------- Small Storage Unit Advanced Weight Redist. System Melee Analysis Suite > --- WEAPON ----------- Heavy Flail Great Maul > --- INVENTORY -------- Light Nuclear Core Light Nuclear Core Improved Aluminum Leg Sensor Array Melee Analysis Suite Actuator Array Heavy Flail Great Maul [Rating: 33] Favorites ----------- Power Improved Ion Engine Engine Improved Ion Engine Power Core Light Nuclear Core Propulsion Aluminum Leg Leg Aluminum Leg Utility Small Storage Unit Device Advanced Weight Redist. System Storage Small Storage Unit Processor Melee Analysis Suite Weapon EMP Blaster Ballistic Gun Light Assault Rifle Launcher EMP Blaster Impact Weapon Great Maul Build | -11 -10 -9 -8 -8 ------- Run | Yrd Mat Mat Mat Gar Slots Evolved 4 | . . 2 2 . Power 1 | . . . 1 . Propulsion 2 | . . 2 . . Utility 1 | . . . 1 . Weapon . | . . . . . Parts Attached 47 | 6 9 9 18 5 Power 12 | 1 2 2 4 3 Engine 10 | 1 2 2 3 2 Core 2 | . . . 1 1 Reactor . | . . . . . Propulsion 17 | 2 2 4 8 1 Treads . | . . . . . Leg 17 | 2 2 4 8 1 Wheel . | . . . . . Hover . | . . . . . Flight . | . . . . . Utility 7 | 1 3 1 2 . Device 1 | . . . 1 . Storage 5 | 1 3 . 1 . Processor 1 | . . 1 . . Hackware . | . . . . . Protection . | . . . . . Artifact . | . . . . . Weapon 11 | 2 2 2 4 1 Energy Gun . | . . . . . Energy Cannon . | . . . . . Ballistic Gun 2 | 2 . . . . Ballistic Cannon . | . . . . . Launcher 2 | . 1 1 . . Special Weapon . | . . . . . Impact Weapon 7 | . 1 1 4 1 Slashing Weapon . | . . . . . Piercing Weapon . | . . . . . Special Melee Weapon . | . . . . . Unidentified Prototypes . | . . . . . Parts Lost 25 | . 3 4 6 12 Power 10 | . 1 1 3 5 Propulsion 11 | . 2 2 2 5 Utility 1 | . . . . 1 Weapon 3 | . . 1 1 1 Highest Loss Streak 5 | . 3 2 4 5 To Critical Strikes . | . . . . . Average Slot Usage (%) 92 | . 97 91 92 87 Engine 12 | . 13 9 15 9 Leg 31 | . 26 38 31 27 Device 3 | . . . 9 8 Storage 16 | . 27 15 8 9 Processor 5 | . . 6 9 9 Ballistic Gun 4 | . 15 . . . Launcher 5 | . 6 10 . . Impact Weapon 12 | . 6 11 17 17 Naked Turns . | . . . . . Heaviest Build 30 | 12 20 20 28 30 Greatest Support 64 | 20 20 40 64 64 Greatest Overweight (x) 6 | . 4 5 . 6 Average Overweight (x) . | . . . . . Largest Inventory Capacity 25 | 8 25 8 8 8 Average Capacity 7 | 6 8 8 7 8 Most Carried 9 | 5 9 8 8 8 Average Carried 6 | 2 7 7 6 6 Final Capacity 8 | 8 8 8 8 8 Final Carried 8 | 3 7 8 8 3 Class Distribution -------------------- 41% | Mutant 28% | Gladiator 22% | Scavenger-Mutant 7% | Scavenger-Gladiator Dominant Class ---------------- Mutant | -10/Materials Scavenger-Mutant | -9/Materials Gladiator | -8/Materials Gladiator | -8/Garrison Resources | -11 -10 -9 -8 -8 ----------- Run | Yrd Mat Mat Mat Gar Matter Collected 888 | 221 244 206 187 30 Remotely . | . . . . . Salvage Created 3213 | . 760 1201 854 398 Parts 126 | . 47 43 28 8 Haulers Intercepted . | . . . . . Recyclers Shooed 3 | . 3 . . . Parts Field Recycled . | . . . . . Retrieved Matter . | . . . . . Parts Self-Destructed . | . . . . . Prevented . | . . . . . Kills | -11 -10 -9 -8 -8 ------- Run | Yrd Mat Mat Mat Gar Combat Hostiles Destroyed 65 | . 18 24 19 4 Melee 14 | . . 8 6 . Guns 6 | . 6 . . . AOE 17 | . 10 5 2 . Classes Destroyed 11 | . 5 3 2 1 Builder 2 | . 1 1 . . Tunneler 1 | . . 1 . . Recycler 3 | . 1 2 . . Carrier 1 | . . . 1 . Operator 1 | . . . 1 . Watcher 6 | . 2 2 2 . Swarmer 14 | . 5 2 7 . Grunt 37 | . 13 15 7 2 Duelist 2 | . . 1 1 . Sentry 10 | . . 6 4 . Hunter 2 | . . . . 2 Best Kill Streak 7 | . 6 6 7 2 Combat Bots Only 5 | . 5 4 5 2 Max Kills in Single Turn 3 | . 3 1 2 1 Gunslinging . | . . . . . Exploded 2 | . 2 1 1 . Melee 1 | . . 1 1 . Uniques/NPCs Destroyed . | . . . . . Combat | -11 -10 -9 -8 -8 -------- Run | Yrd Mat Mat Mat Gar Hostile Shots Fired 391 | . 76 99 96 120 Missed 101 | . 20 29 26 26 Damage Taken 3887 | . 777 893 927 1290 Core 1048 | . 206 277 191 374 Absorbed by Shields . | . . . . . Regen/Repaired (Parts) 242 | . . . 242 . Core Remaining (%) 49 | 100 17 30 . . Volleys Fired 91 | . 63 26 2 . Largest 2 | . 2 1 1 . Hottest 40 | . 40 33 33 . Shots Fired 132 | . 103 27 2 . Gun 80 | . 80 . . . Cannon . | . . . . . Launcher 52 | . 23 27 2 . Special . | . . . . . Kinetic 80 | . 80 . . . Thermal . | . . . . . Explosive . | . . . . . Electromagnetic 52 | . 23 27 2 . Robot Hit Streak 9 | . 9 4 . . Robot Miss Streak 7 | . 7 3 3 . Penetration Max . | . . . . . Secondary Targets . | . . . . . Shots Hit Robots 174 | . 62 48 37 27 Core Hits 61 | . 33 17 10 1 Critical Kills 2 | . . 1 . 1 Critical Parts Destroyed 34 | . 4 12 9 9 Critical Strikes 36 | . 4 13 9 10 Destroy 1 | . 1 . . . Smash 35 | . 3 13 9 10 Melee Attacks 141 | . 7 48 53 33 Impact 141 | . 7 48 53 33 Slashing . | . . . . . Piercing . | . . . . . Sneak Attacks 6 | . . 3 2 1 Combat Hostiles 1 | . . . . 1 Follow-up Attacks 14 | . . . 7 7 Damage Inflicted 6886 | . 1285 2211 1794 1596 Guns 412 | . 412 . . . Cannons . | . . . . . Explosions 1427 | . 644 711 72 . Melee 5047 | . 229 1500 1722 1596 Ramming . | . . . . . Kinetic 412 | . 412 . . . Thermal 184 | . 124 60 . . Explosive . | . . . . . Electromagnetic 1243 | . 520 651 72 . Impact 5047 | . 229 1500 1722 1596 Slashing . | . . . . . Piercing . | . . . . . Highest Corruption 5 | . . 1 . 5 Average Corruption 1 | . . 1 . 3 Corruption Purged . | . . . . . Corruption Blocked . | . . . . . Effects 2 | . . 2 . . Message Errors 1 | . . 1 . . Misfires 1 | . . 1 . . Overload Shots . | . . . . . Overflow Damage 2165 | . 172 703 599 691 Projectiles . | . . . . . Explosions 41 | . 35 6 . . Melee 2124 | . 137 697 599 691 Knockbacks 14 | . 1 4 6 3 Impact 14 | . 1 4 6 3 Kinetic . | . . . . . Secondary . | . . . . . Self-Inflicted Damage 84 | . 19 65 . . Shots 9 | . 3 6 . . Rammed . | . . . . . Targets Rammed . | . . . . . Kicked . | . . . . . Crushed . | . . . . . Highest Temperature 21 | . 18 21 4 . Average Temperature 6 | . 6 9 3 . Received Heat Transfer 1089 | . 273 366 351 99 Siege Activations . | . . . . . Robots Corrupted 2 | . 1 1 . . Combat Hostiles 2 | . 1 1 . . Parts Fried 52 | . 1 23 15 13 Impact Corruptions 70 | . 5 22 29 14 Robots Melted . | . . . . . Combat Hostiles . | . . . . . Parts Melted . | . . . . . Heat Transferred 350 | . 200 150 . . Parts Sabotaged . | . . . . . Parts Stolen . | . . . . . Parts Stripped . | . . . . . Power Chain Reactions 9 | . 5 4 . . Alert | -11 -10 -9 -8 -8 ------- Run | Yrd Mat Mat Mat Gar Peak Influence 572 | . 421 544 572 263 Initial 208 | . . 114 195 208 Average 332 | . 211 377 457 237 Maximum Alert Level 2 | . 2 2 2 1 Low Security (%) 20 | 100 55 8 2 . Level 1 37 | . 26 48 16 100 Level 2 41 | . 18 43 80 . Level 3 . | . . . . . Level 4 . | . . . . . Level 5 . | . . . . . High Security . | . . . . . Max Security . | . . . . . Squads Dispatched 16 | . 7 7 2 . Investigation 12 | . 6 4 2 . Extermination . | . . . . . Reinforcement 4 | . 1 3 . . Assault . | . . . . . Garrison . | . . . . . Intercept . | . . . . . Searches Triggered . | . . . . . Construction Impeded 1 | . . 1 . . Haulers Reinforced . | . . . . . Active Scanning Responses . | . . . . . Cargo Convoy Interrupts . | . . . . . Stealth | -11 -10 -9 -8 -8 --------- Run | Yrd Mat Mat Mat Gar Distress Signals 2 | . . 2 . . Communications Jammed . | . . . . . Distress Signals . | . . . . . Times Spotted 98 | . 26 36 27 9 Peak Tracking Total 6 | . 4 6 6 3 Tactical Retreats 12 | . 1 6 3 2 Traps | -11 -10 -9 -8 -8 ------- Run | Yrd Mat Mat Mat Gar Traps Triggered 6 | . 5 1 . . Indirectly 3 | . 2 1 . . Trap Hack Attempts . | . . . . . Triggered . | . . . . . Disarmed . | . . . . . Reprogrammed . | . . . . . Reused . | . . . . . Traps Extracted . | . . . . . Installed . | . . . . . Triggered . | . . . . . Machines | -11 -10 -9 -8 -8 ---------- Run | Yrd Mat Mat Mat Gar Machines Disabled 1 | . . . 1 . Max in Single Turn 1 | . . . 1 . Machines Repaired . | . . . . . Machines Dismantled . | . . . . . Machines Sabotaged . | . . . . . Overloaded Fab Kills . | . . . . . Hacking | -11 -10 -9 -8 -8 --------- Run | Yrd Mat Mat Mat Gar Machines Accessed 24 | . 8 8 8 . Terminals 17 | . 6 6 5 . Fabricators . | . . . . . Repair Stations 3 | . 1 1 1 . Recycling Units 2 | . 1 1 . . Scanalyzers 1 | . . . 1 . Garrison Access 1 | . . . 1 . Total Hacks 84 | . 26 28 30 . Successful 40 | . 10 11 19 . Failed 44 | . 16 17 11 . Catastrophic 13 | . 6 4 3 . Database Lockouts . | . . . . . Manual 17 | . 7 3 7 . Terminals 62 | . 21 22 19 . Fabricators . | . . . . . Repair Stations 15 | . 3 4 8 . Recycling Units 4 | . 2 2 . . Scanalyzers 2 | . . . 2 . Garrison Access 1 | . . . 1 . Terminal Hacks 28 | . 7 9 12 . Record 11 | . 3 6 2 . Prototype ID Bank 2 | . 1 . 1 . Emergency Access Points 5 | . 2 1 2 . Terminal Index 2 | . . 1 1 . Fabricator Index 1 | . . . 1 . Repair Station Index 1 | . 1 . . . Alert Level 1 | . . . 1 . Unreport Threat 2 | . . 1 1 . Locate Traps 1 | . . . 1 . Security Status 1 | . . . 1 . Patrol Status 1 | . . . 1 . Fabricator Hacks . | . . . . . Repair Station Hacks 8 | . 1 1 6 . Scan Component 5 | . 1 1 3 . Repair 3 | . . . 3 . Recycling Unit Hacks 3 | . 2 1 . . Process 1 | . 1 . . . Retrieve Matter 2 | . 1 1 . . Scanalyzer . | . . . . . Garrison Access Hacks 1 | . . . 1 . Unlock Access 1 | . . . 1 . Unauthorized Hacks . | . . . . . Terminals . | . . . . . Fabricators . | . . . . . Repair Stations . | . . . . . Recycling Units . | . . . . . Scanalyzers . | . . . . . Garrison Access . | . . . . . Data Cores Recovered . | . . . . . Used . | . . . . . Hacking Detections 21 | . 8 6 7 . Full Trace Events 16 | . 6 6 4 . Feedback Events 1 | . . 1 . . Corruption 1 | . . 1 . . Feedback Blocked . | . . . . . Robot Schematics Acquired . | . . . . . Robots Built . | . . . . . Authchips . | . . . . . Time . | . . . . . Total Robot Build Rating . | . . . . . Part Schematics Acquired . | . . . . . Parts Built . | . . . . . Authchips . | . . . . . Time . | . . . . . Total Part Build Rating . | . . . . . Parts Repaired 3 | . . . 3 . Time 96 | . . . 96 . Parts Recycled . | . . . . . Recycled Matter 205 | . 205 . . . Retrieved Matter 383 | . 383 . . . Retrieved Components . | . . . . . Parts Scanalyzed . | . . . . . Part Schematics Acquired . | . . . . . Parts Damaged . | . . . . . Bothacking | -11 -10 -9 -8 -8 ------------ Run | Yrd Mat Mat Mat Gar Used RIF Installer . | . . . . . Robots Hacked . | . . . . . Non-combat . | . . . . . Combat . | . . . . . Robot Hacks Applied . | . . . . . Relay Couplers Released . | . . . . . Fabnet Peak Effective % . | . . . . . Robots Rewired . | . . . . . Allies Hacked . | . . . . . Hacks Repelled . | . . . . . Allies | -11 -10 -9 -8 -8 -------- Run | Yrd Mat Mat Mat Gar Total Allies . | . . . . . Largest Group . | . . . . . Highest-Rated Group . | . . . . . Highest-Rated Ally . | . . . . . Total Orders . | . . . . . Ally Attacks . | . . . . . Total Damage . | . . . . . Kills . | . . . . . Allies Corrupted . | . . . . . Allies Melted . | . . . . . Intel | -11 -10 -9 -8 -8 ------- Run | Yrd Mat Mat Mat Gar Robot Analysis Total . | . . . . . Derelict Logs Recovered . | . . . . . Drone Launches . | . . . . . Drone Recoveries . | . . . . . Exploration | -11 -10 -9 -8 -8 ------------- Run | Yrd Mat Mat Mat Gar Turns Passed 2835 | 46 802 893 801 293 Spaces Moved 1834 | 40 499 566 551 178 Core 31 | 22 3 4 . 2 Treads . | . . . . . Legs 1803 | 18 496 562 551 176 Wheels . | . . . . . Hover . | . . . . . Flight . | . . . . . Fastest Speed 50 | 50 120 120 105 90 Average Speed 117 | 81 120 120 112 117 Slowest Speed 350 | 120 250 300 120 350 Overloaded Moves . | . . . . . Propulsion Burnouts . | . . . . . Robots Hopped . | . . . . . Cave-ins Triggered . | . . . . . Exploration Rate (%) 37 | 2 82 39 44 19 Regions Visited 4 Branch Regions . Pre-discovered Areas . | . . . . . Known Exits Taken 1 | . . . 1 . Unknown Exits Taken 3 | 1 1 1 . . Scrap Searched . | . . . . . Spaces Dug . | . . . . . Terrain Destroyed 40 | . 23 17 . . Melee . | . . . . . Projectile . | . . . . . AOE 40 | . 23 17 . . Terrain Rammed . | . . . . . Walls Destroyed . | . . . . . Machines Disabled . | . . . . . Actions | -11 -10 -9 -8 -8 --------- Run | Yrd Mat Mat Mat Gar Total 2171 | 52 600 668 642 209 Wait 6 | . . . 6 . Move 1830 | 39 498 565 550 178 Hop . | . . . . . Pick Up 52 | 7 16 12 17 . Fast Attach 7 | 2 2 2 1 . Attach 31 | 4 4 4 14 5 Detach 2 | . . . 2 . Swap 9 | . 3 3 3 . Drop 20 | . 7 8 5 . Fire 91 | . 63 26 2 . Melee 123 | . 7 48 42 26 Ram . | . . . . . Kick . | . . . . . Crush . | . . . . . Escape Stasis . | . . . . . Rewire . | . . . . . Trap . | . . . . . Miscellaneous . | . . . . . Route ------- -11/Scrapyard -10/Materials (discovered 4 exits: *Mat x3 / [*Min]) -9/Materials (discovered 2 exits: *Mat / [*Min]) -8/Materials (discovered 2 exits: [*Fac] / Gar) -8/Garrison History --------- Turn | Location | Event 18 | -11/Scrapyard | Discovered new exit (range 15) 47 | -11/Scrapyard | Entered Materials 254 | -10/Materials | Discovered new exit (range 16) 313 | -10/Materials | Build established: Mutant 383 | -10/Materials | Discovered new exit (range 13) 416 | -10/Materials | Core integrity fell below 50% 424 | -10/Materials | Lost 3 parts (1p2n) 531 | -10/Materials | Discovered new exit (range 16) 693 | -10/Materials | Core integrity fell below 20% 806 | -10/Materials | Discovered new exit (range 11) 849 | -10/Materials | Entered another Materials area 849 | -9/Materials | Evolved 2 slots: Propulsion x2 1495 | -9/Materials | Build established: Scavenger-Mutant 1630 | -9/Materials | Core integrity fell below 50% 1671 | -9/Materials | Discovered new exit (range 14) 1719 | -9/Materials | Discovered new exit (range 12) 1742 | -9/Materials | Entered another Materials area 1742 | -8/Materials | Evolved 2 slots: Power x1, Utility x1 1877 | -8/Materials | Lost 4 parts (2p2n) 1949 | -8/Materials | Repaired Sml. Storage Unit 1983 | -8/Materials | Repaired Flail 2025 | -8/Materials | Repaired VSS Leg 2067 | -8/Materials | Identified exit to Garrison 2327 | -8/Materials | Discovered new exit (range 16) 2456 | -8/Materials | Build established: Gladiator 2543 | -8/Materials | Entered Garrison 2657 | -8/Garrison | Core integrity fell below 50% 2776 | -8/Garrison | Triggered checkpoint 2815 | -8/Garrison | Lost 5 parts (2p2n1w) 2824 | -8/Garrison | Core integrity fell below 20% 2836 | -8/Garrison | Destroyed by P-60 Hacker with Shock Rifle Last Messages --------------- 02788_ G-47 Trooper system corrupted by crushing effect. 02789_ G-47 Trooper system terminally corrupted. 02789_ Aluminum Leg fried. 02791_ Acquired 5 matter. 02794_ Acquired 10 matter. 02817_ P-60 Hacker springs to life. 02819_ VSS Leg destroyed. 02820_ Adv. Weight Redist. System destroyed. 02820_ P-60 Hacker knocked back. 02820_ Hvy. Flail follow-up attack on P-60 Hacker. 02823_ Deuterium Engine destroyed. 02827_ Hvy. Flail follow-up attack on P-60 Hacker. 02834_ P-60 Hacker suffers critical hit (Smash). 02834_ Destroyed Target Analyzer. 02834_ P-60 Hacker system corrupted by crushing effect. 02836_ Deuterium Engine destroyed. Map ----- +----------------------------------------------------+ | | | | | | | | | ?????????????????????????????????????????????????? | | ?????????????????????????????????????????????????? | | ?????????????????????????????????????????????????? | | ?????????????????????????????????????????????????? | | ?????????????????????????????????????????????????? | | ?????????????????????????????????????????????????? | | ?????????????????????????????????????????????????? | | ?????????????????????????????????????????????????? | | ?????????????????????????????????????????????????? | | ?????????????????????????????????????????????????? | | ?????????????????????????????????????????????????? | | ?????????????????????????????????????????????????? | | ?????????????????????????????????????????????????? | | ?????????????????????????????????????????????????? | | ?????????????????????????????????????????????????? | | ?????????????????#######?????????????????????????? | | ?????????????????#"""""#?????????????????????????? | | ???????????????#### ###????????????????????????? | | ???????????????# #????????????????????????? | | ???????????????# ###### #????????????????????????? | | ?????????????### #?#??# ####???######????????????? | | ?????????????# #?#! # #@!#???# #????????????? | | ?????????????#% #?# !/ p!p#???# #????????????? | | ?????????????#% #?##+# #+##???# #????????????? | | ?????????????### #????#p#??????# ###????????????? | | ???????????????# #????# #?????## #??????????????? | | ???????????????# #????###?????#%= #??????????????? | | ???????????????# #####????????#!= #??????????????? | | ???????????????# #????????#%!!#??????????????? | | ???????????????##### #????????#=! #??????????????? | | ???????????????????# #????????#=% #??????????????? | | ???????????????#???# #????????## #??????????????? | | ???????????????# ??# #?????????# #??????????????? | | ????????########"### ########### #??????????????? | | ???????# % #?#????????????? | | ???????# #? ????????????? | | ???????# ######### ####### ####### #???????????? | | ??????????????????# #????#! !#????# #???????????? | | ??????????????????# #????#! !#????# #???????????? | | ??????????????????# #????#####????# #???????????? | | ??????????????????# #?????????????# #???????????? | | ??????????????????# #?????????????# #???????????? | | ??????????????????# #?????????????# ######??????? | | ????? ######## ##????????????# # #??????? | | ????? ^ "##############"# #??????? | | ????? ^ % #????????? | +----------------------------------------------------+ Best States ------------- Heat Dissipation 31 Energy Generation 25 Energy Capacity 450 Matter Stores 300 Matter Capacity 300 Sight Range 16 Terrain Scan Density 10 Additional Mass Support 9 Evasion (%) 55 Melee Accuracy 5 Item Schematics ----------------- None Robot Schematics ------------------ None Fabricated ------------ Nothing Alien Tech Used ----------------- None Achievements -------------- Librarian Party Time Preemptive Strike Challenges ------------ None Game ------ Seed GyrokineticPointCarapace Manual? 0 Play Time 00:57:24 Cumulative 3.6 hours Start 2024.04.02 @ 23:12:54 End 2024.04.03 @ 01:01:50 Sessions 1 Manual Loads 0 Difficulty Rogue Special Mode None Game No. 7 Rogue 7 Adventurer 0 Explorer 0 Win Type - Total 0 Types 0/0/0/0/0/0/0/0/0 Lore% 2 Gallery% 7 Achievement% 7 Wizard Run 0 Options --------- Layout 1 ASCII 0 Keyboard 0 Movement Mouse Keybinds 0 Fullscreen 2 Font 24/Smallcaps Map View 50x35 Zoom Use 0% Tactical HUD 1 Map Filters NONE Filters NONE Steam 1 RUN: 6aefc7ea-8665-4da2-9832-d1d94b17fc7a